 Dungeon Sprint DCSS version 0.21.1-72-gffa868e0fe (webtiles) character file.

1036 Pisosu the Protected (level 8, -2/81 HPs)
             Began as a Minotaur Fighter on Aug 3, 2018.
             Slain by a demonic crawler (3 damage)
             ... in the Dungeon (Sprint I: "Red Sonja").
             The game lasted 00:01:17 (616 turns).

Pisosu the Protected (Minotaur Fighter)              Turns: 616, Time: 00:01:18

Health: -2/81      AC:  9    Str: 22    XL:     8   Next: 4%
Magic:  7/7        EV:  9    Int:  5    God:
Gold:   270        SH: 12    Dex: 11    Spells: 7/7 levels left

rFire    . . .     SeeInvis .   a - +0 war axe
rCold    . . .     Gourm    .   c - +0 shield
rNeg     . . .     Faith    .   b - +0 scale mail
rPois    .         Spirit   .   (helmet restricted)
rElec    .         Reflect  .   (no cloak)
rCorr    .         Harm     .   (no gloves)
MR       .....     NoTele   +   (no boots)
Stlth    ..........             (no amulet)
HPRegen  0.23/turn              (no ring)
MPRegen  0.10/turn              (no ring)

@: no status effects
A: retaliatory headbutt, horns 2
a: no special abilities


You were in the Dungeon.
You were not hungry.

You visited 1 branch You collected 270 gold pieces.

Inventory:

Hand Weapons
 a - a +0 war axe (weapon)
Armour
 b - a +0 scale mail (worn)
 c - a +0 shield (worn)
Scrolls
 k - a scroll of blinking
Potions
 d - a potion of might
 e - a potion of curing
 g - a potion of heal wounds
 h - a potion of haste
 i - 3 potions of magic
 j - a potion of berserk rage
Comestibles
 f - a ration


   Skills:
 + Level 10.9 Fighting
 + Level 10.6 Axes
 + Level 11.3 Armour
 + Level 0.9 Dodging
 + Level 10.9 Shields


You had 7 spell levels left.
You didn't know any spells.

Dungeon Overview and Level Annotations

Branches:
Dungeon (1/1)

Altars:
Makhleb
Xom
Jiyva
Lugonu


Innate Abilities, Weirdness & Mutations

You reflexively headbutt those who attack you in melee.
You have a pair of horns on your head.


Message History

You are too injured to fight recklessly!
You are too injured to fight recklessly!
You are too injured to fight recklessly!
You are too injured to fight recklessly!
You are too injured to fight recklessly!
You are too injured to fight recklessly!
You hit the demonic crawler but do no damage.
You headbutt the demonic crawler.
The demonic crawler is lightly wounded.
You hit the demonic crawler but do no damage.
The demonic crawler hits you.
* * * LOW HITPOINT WARNING * * *
You block the demonic crawler's attack. The demonic crawler hits you.
* * * LOW HITPOINT WARNING * * *
The demonic crawler hits you.
* * * LOW HITPOINT WARNING * * *
The demonic crawler hits you.
* * * LOW HITPOINT WARNING * * *
You block the demonic crawler's attack. The demonic crawler hits you.
You die...

##########################
#<.#..').#..'..#@s#..'...#
#..'[.#..').#..'sss.)#.s.#
#..#####'#####+#__####...'..#
#..# #..# #### #####..+ #..#
#### ## #..# #⌠⌠# ####


You could see 4 demonic crawlers.

Vanquished Creatures
  2 kobold demonologists (D)
  A slime creature (D)
  Sigmund (D)
  A floating eye (D)
  An ogre (D)
  Ijyb (D)
7 creatures vanquished.

Vanquished Creatures (others)
  A gargoyle (D)
1 creature vanquished.

Grand Total: 8 creatures vanquished

Notes
Turn   | Place    | Note
-------+----------+-------------------------------------------
     0 | D        | Pisosu the Minotaur Fighter began the quest for the Orb.
     0 | D        | Reached XP level 1. HP: 19/19 MP: 0/0
     2 | D        | Noticed Ijyb
     9 | D        | Killed Ijyb
     9 | D        | Reached skill level 5 in Fighting
     9 | D        | Reached skill level 5 in Armour
     9 | D        | Reached skill level 5 in Shields
     9 | D        | Reached XP level 2. HP: 25/29 MP: 1/1
    15 | D        | Noticed an ogre
    21 | D        | Killed an ogre
    21 | D        | Reached skill level 6 in Armour
    21 | D        | Reached XP level 3. HP: 35/39 MP: 2/2
    21 | D        | Reached XP level 4. HP: 43/47 MP: 3/3
    34 | D        | Noticed Sigmund
    47 | D        | Killed Sigmund
    47 | D        | Reached skill level 8 in Armour
    47 | D        | Reached XP level 5. HP: 19/56 MP: 4/4
   260 | D        | Found a burning altar of Makhleb.
   260 | D        | Found a viscous altar of Jiyva.
   260 | D        | Found a shimmering altar of Xom.
   260 | D        | Found a corrupted altar of Lugonu.
   260 | D        | Noticed a slime creature
   276 | D        | Killed a slime creature
   276 | D        | Reached skill level 9 in Armour
   276 | D        | Reached XP level 6. HP: 6/64 MP: 5/5
   304 | D        | Killed a gargoyle
   577 | D        | Noticed a kobold demonologist
   577 | D        | Noticed a floating eye
   578 | D        | Noticed a kobold demonologist
   581 | D        | Killed a floating eye
   581 | D        | Reached skill level 10 in Armour
   581 | D        | Reached XP level 7. HP: 71/71 MP: 6/6
   583 | D        | Noticed a chaos spawn
   591 | D        | Noticed a red devil
   593 | D        | Noticed a red devil
   595 | D        | Killed a kobold demonologist
   595 | D        | Reached skill level 10 in Fighting
   595 | D        | Reached skill level 10 in Shields
   600 | D        | Noticed a sixfirhy
   600 | D        | Killed a kobold demonologist
   600 | D        | Reached skill level 10 in Axes
   600 | D        | Reached skill level 11 in Armour
   600 | D        | Reached XP level 8. HP: 71/81 MP: 7/7
   602 | D        | Noticed a demonic crawler
   602 | D        | Noticed a demonic crawler
   602 | D        | Noticed a demonic crawler
   602 | D        | Noticed a demonic crawler
   616 | D        | HP: 3/81 [demonic crawler (6)]
   616 | D        | HP: 1/81 [demonic crawler (2)]
   616 | D        | Slain by a demonic crawler

Skill      XL: |  1  2  3  4  5  6  7 |
---------------+----------------------+-----
Fighting       | 5 7 8 9 10 | 10.9
Axes           | 3 4 6 7 8 10 | 10.6
Armour         | 5 6 8 9 10 11 | 11.3
Shields        | 5 6 8 9 10 | 10.9
Dodging        | |  0.9

Action                   |  1- 3 |  4- 6 |  7- 9 || total
-------------------------+-------+-------+-------++-------
Melee: War axe           |    11 |    30 |    19 ||    60
       Headbutt          |     2 |     9 |     3 ||    14
Armor: Scale mail        |     3 |     7 |    12 ||    22
Dodge: Dodged            |     3 |     4 |    19 ||    26
Block: Shield            |     6 |     9 |    26 ||    41
